 Dungeon Sprint DCSS version 0.21-a0-460-g737a915 (webtiles) character file.

9646 Kidiri the Unseen (level 11, 0/58 HPs)
             Began as a Spriggan Enchanter on Nov 20, 2017.
             Was the Champion of Dithmenos.
             Succumbed to poison (dark miasma)
             ... in the Dungeon (Sprint III: "The Ten Rune Challenge").
             The game lasted 00:13:58 (2286 turns).

Kidiri the Unseen (Spriggan Enchanter)              Turns: 2286, Time: 00:13:59

Health: 0/58       AC:  6    Str:  4    XL:     11   Next: 25%
Magic:  19/28      EV: 32    Int: 18    God:    Dithmenos [******]
Gold:   39         SH:  0    Dex: 19    Spells: 13/35 levels left

rFire    . . .     SeeInvis +   a - +1 dagger
rCold    + . .     Gourm    .   (shield restricted)
rNeg     + . .     Faith    .   v - +2 robe {rN+}
rPois    +         Spirit   .   (helmet restricted)
rElec    .         Reflect  .   (no cloak)
rCorr    .         Harm     .   (gloves unavailable)
MR       +....     NoTele   +   (boots unavailable)
Stlth    ++++++++++             (no amulet)
HPRegen  0.00/turn              k - +2 ring of protection
MPRegen  0.21/turn              (no ring)

@: lethally poisoned (0 -> -58), non-regenerating, diseased, slowed, wreathed by
umbra, quick
A: unfitting armour, see invisible, cold resistance 1, herbivore 3, speed 3,
poison resistance, slow metabolism 2, sturdy frame 1
a: Shadow Step, Shadow Form, Renounce Religion


You were in the Dungeon.
You worshipped Dithmenos.
Dithmenos was exalted by your worship.
You were not hungry.

You visited 1 branch You collected 39 gold pieces.

Inventory:

Hand Weapons
 a - a +1 dagger (weapon)
Missiles
 x - 8 throwing nets (quivered)
Armour
 b - a +0 robe
 v - a +2 robe of positive energy (worn)
Jewellery
 k - a +2 ring of protection (left hand)
Wands
 w - a wand of polymorph (15)
Scrolls
 j - a scroll of blinking
 m - a scroll of torment {unknown}
 n - a scroll of enchant weapon {unknown}
 o - a scroll of identify {unknown}
 r - a scroll of immolation {unknown}
 s - a scroll of random uselessness {unknown}
 t - a scroll of remove curse {unknown}
Potions
 e - 2 potions of berserk rage
 g - a potion of haste
 h - 2 potions of magic
 i - a potion of might
 l - 3 potions of mutation
 q - a potion of flight {unknown}
 u - a potion of degeneration {unknown}
Comestibles
 d - 2 bread rations
 f - 29 royal jellies
 p - 4 fruits


   Skills:
 + Level 6.6 Fighting
 * Level 12.1 Short Blades
 + Level 5.9 Armour
 * Level 14.9 Dodging
 * Level 16.5 Stealth
 * Level 12.9 Spellcasting
 + Level 2.6 Conjurations
 + Level 9.9 Hexes
 + Level 3.1 Summonings
 + Level 5.6 Translocations
 + Level 6.2 Ice Magic
 + Level 3.7 Air Magic
 + Level 4.1 Poison Magic


You had 13 spell levels left.
You knew the following spells:

 Your Spells              Type           Power        Failure   Level  Hunger
a - Corona                Hex            #####..      1%          1    None
b - Ensorcelled Hibernat  Hex/Ice        #####.       1%          2    None
c - Confuse               Hex            #####...     1%          3    None
d - Tukima's Dance        Hex            #####...     1%          3    None
e - Dazzling Spray        Conj/Hex       ####..       1%          3    None
f - Magic Dart            Conj           ###.         1%          1    None
g - Slow                  Hex            #####...     1%          2    None
h - Call Imp              Summ           ###.....     2%          2    None
i - Blink                 Tloc           N/A          1%          2    None
j - Mephitic Cloud        Conj/Pois/Air  ###.....     4%          3    None


Dungeon Overview and Level Annotations

Branches:
Dungeon (1/1)

Altars:
Cheibriados
Dithmenos
Elyvilon
Fedhas
Gozag
Hepliaklqana
Kikubaaqudgha
Makhleb
Nemelex Xobeh
Okawaru
Qazlal
Ru
Sif Muna
Trog
Uskayaw
Vehumet
Wu Jian
Xom
Yredelemnul
Zin
The Shining One
Beogh
Jiyva
Lugonu

Annotations:
D exclusion: 2 doors


Innate Abilities, Weirdness & Mutations

You are very small and have problems with some larger weapons.
You are too small for most types of armour.
You have supernaturally acute eyesight. (SInv)
You are a herbivore.
You cover ground extremely quickly.
You need consume almost no food.
Your flesh is cold resistant. (rC+)
Your system is resistant to poisons. (rPois)
Your movements are slightly less encumbered by armour. (ER -2)


Message History

You feel yourself slow down.
* * * LOW HITPOINT WARNING * * *
You feel very sick.
You feel much better.
You feel extremely sick.
Unknown command.
You feel extremely sick.
You feel extremely sick.
* * * LOW HITPOINT WARNING * * *
You emit a cloud of dark smoke.
You feel extremely sick.
Okay, then.
* * * LOW HITPOINT WARNING * * *
You feel very sick.
You feel extremely strange.
Your thin metallic scales disappear.
You feel less resistant to hostile enchantments.
You feel resistant to cold.
You feel resistant to poisons.
You feel less encumbered by your armour.
You die...

#..♣♣ ♣♣♣##+####
###%♣♣♣♣♣♣♣♣♣♣♣♣♣♣♣
♣♣♣♣.##..##≈≈≈≈≈≈..#
♣...##.##.#≈≈≈≈≈..%#
♣♣.##%##.##'≈≈≈≈≈####
♣..#.##...#≈§...§..$
♣♣%##.##.)#§§§+#####
♣♣.##.#####§§§#
♣.....##.§§@§§#
########+######


There were no monsters in sight!

Vanquished Creatures
  Erolcha (D)
  2 hydras (D)
  Urug (D)
  A death drake (D)
  A lindwurm (D)
  A deep elf mage (D)
  2 spiny frogs (D)
  A komodo dragon (D)
  3 wandering mushrooms (D)
  A queen bee (D)
  2 tyrant leeches (D)
  5 redbacks (D)
  A shadow (D)
  A spatial vortex (D)
  A necrophage (D)
  5 two-headed ogres (D)
  A water elemental (D)
  A scorpion (D)
  23 killer bees (D)
  An electric eel (D)
  A jelly (D)
  Jessica (D)
  A wizard (D)
  A necromancer (D)
  3 humans (D)
  A kobold demonologist (D)
  2 oozes (D)
  A rat (D)
66 creatures vanquished.

Vanquished Creatures (collateral kills)
  9 killer bees (D)
9 creatures vanquished.

Vanquished Creatures (others)
  2 draconian scorchers (D)
  6 hellions (D)
  3 yaktaurs (D)
11 creatures vanquished.

Grand Total: 86 creatures vanquished

Notes
Turn   | Place    | Note
-------+----------+-------------------------------------------
     0 | D        | Kidiri the Spriggan Enchanter began the quest for the Orb.
     0 | D        | Reached XP level 1. HP: 9/9 MP: 5/5
    19 | D        | Reached skill level 5 in Stealth
    19 | D        | Reached XP level 2. HP: 8/14 MP: 5/7
    23 | D        | Learned a level 2 spell: Ensorcelled Hibernation
    83 | D        | Killed a yaktaur
    86 | D        | Killed a hellion
    87 | D        | Killed a hellion
    88 | D        | Killed a hellion
   139 | D        | Killed a hellion
   150 | D        | Killed a hellion
   159 | D        | Killed a white draconian scorcher
   161 | D        | Killed a hellion
   162 | D        | Noticed Jessica
   164 | D        | Killed Jessica
   164 | D        | Reached skill level 1 in Fighting
   164 | D        | Reached skill level 1 in Armour
   164 | D        | Reached skill level 6 in Stealth
   164 | D        | Reached XP level 3. HP: 18/18 MP: 7/9
   192 | D        | Learned a level 3 spell: Confuse
   196 | D        | Learned a level 3 spell: Tukima's Dance
   201 | D        | Noticed a scorpion
   207 | D        | Killed a scorpion
   207 | D        | Reached skill level 5 in Dodging
   207 | D        | Reached skill level 7 in Stealth
   207 | D        | Reached skill level 1 in Ice Magic
   207 | D        | Reached XP level 4. HP: 23/23 MP: 5/11
   218 | D        | Killed a white draconian scorcher
   228 | D        | Learned a level 3 spell: Dazzling Spray
   228 | D        | Gained mutation: You are partially covered in thin metallic scales. (AC +2) [potion of mutation]
   228 | D        | Gained mutation: You are resistant to hostile enchantments. (MR+) [potion of mutation]
   379 | D        | Reached skill level 5 in Spellcasting
   428 | D        | Noticed a water elemental
   431 | D        | Killed a water elemental
   431 | D        | Reached skill level 8 in Stealth
   431 | D        | Reached skill level 5 in Hexes
   431 | D        | Reached XP level 5. HP: 26/26 MP: 14/14
   442 | D        | Killed a yaktaur
   443 | D        | Noticed a shadow
   516 | D        | Killed a shadow
   516 | D        | Reached skill level 9 in Stealth
   516 | D        | Reached XP level 6. HP: 25/32 MP: 2/16
   698 | D        | Found a blossoming altar of Fedhas.
   698 | D        | Found a stormy altar of Qazlal.
   699 | D        | Found a snail-covered altar of Cheibriados.
   699 | D        | Found a burning altar of Makhleb.
   699 | D        | Found a hazy altar of Hepliaklqana.
   699 | D        | Found a shimmering altar of Xom.
   699 | D        | Found an opulent altar of Gozag.
   699 | D        | Found a sparkling altar of Nemelex Xobeh.
   699 | D        | Found a corrupted altar of Lugonu.
   699 | D        | Found a viscous altar of Jiyva.
   699 | D        | Noticed a spatial vortex
   701 | D        | Killed a spatial vortex
   701 | D        | Reached skill level 10 in Stealth
   721 | D        | Found a basalt altar of Yredelemnul.
   721 | D        | Found a shadowy altar of Dithmenos.
   721 | D        | Found a sacrificial altar of Ru.
   751 | D        | Reached XP level 7. HP: 30/36 MP: 3/19
   758 | D        | Became a worshipper of Dithmenos the Shadowed
   787 | D        | Killed a yaktaur
   861 | D        | Found a radiant altar of Vehumet.
   862 | D        | Found a deep blue altar of Sif Muna.
   862 | D        | Found an ancient bone altar of Kikubaaqudgha.
   879 | D        | Learned a level 2 spell: Blink
   882 | D        | Learned a level 2 spell: Slow
   885 | D        | Learned a level 2 spell: Call Imp
   887 | D        | Learned a level 1 spell: Magic Dart
   891 | D        | Learned a level 3 spell: Mephitic Cloud
   908 | D        | Found a glowing silver altar of Zin.
   909 | D        | Found a glowing golden altar of the Shining One.
   909 | D        | Found a white marble altar of Elyvilon.
   909 | D        | Noticed a deep elf mage
   911 | D        | Killed a deep elf mage
   911 | D        | Reached * piety under Dithmenos
   911 | D        | Reached skill level 10 in Dodging
   911 | D        | Reached skill level 11 in Stealth
   911 | D        | Reached XP level 8. HP: 42/42 MP: 20/22
   921 | D        | Found an ornate altar of the Wu Jian Council.
   921 | D        | Found a roughly hewn altar of Beogh.
   921 | D        | Found an iron altar of Okawaru.
   921 | D        | Found a bloodstained altar of Trog.
   921 | D        | Found a hide-covered altar of Uskayaw.
   925 | D        | Reached skill level 12 in Stealth
   957 | D        | Reached ** piety under Dithmenos
  1080 | D        | Noticed a two-headed ogre
  1083 | D        | Killed a two-headed ogre
  1083 | D        | Reached skill level 10 in Spellcasting
  1090 | D        | Noticed a two-headed ogre
  1090 | D        | Noticed Erolcha
  1113 | D        | Reached *** piety under Dithmenos
  1113 | D        | Reached skill level 13 in Stealth
  1118 | D        | Killed a two-headed ogre
  1118 | D        | Reached skill level 5 in Fighting
  1118 | D        | Reached XP level 9. HP: 24/47 MP: 1/24
  1138 | D        | Killed Erolcha
  1138 | D        | Reached skill level 10 in Short Blades
  1138 | D        | Reached skill level 5 in Ice Magic
  1383 | D        | Reached skill level 14 in Stealth
  1466 | D        | Noticed a queen bee
  1470 | D        | Reached **** piety under Dithmenos
  1494 | D        | Reached skill level 5 in Armour
  1622 | D        | Reached ***** piety under Dithmenos
  1637 | D        | Reached skill level 1 in Translocations
  1666 | D        | Reached ****** piety under Dithmenos
  1685 | D        | Reached skill level 1 in Air Magic
  1706 | D        | Reached skill level 1 in Poison Magic
  1825 | D        | Killed a queen bee
  1825 | D        | Reached XP level 10. HP: 53/53 MP: 19/26
  1909 | D        | Reached skill level 1 in Summonings
  1931 | D        | Reached skill level 1 in Conjurations
  2067 | D        | Reached skill level 15 in Stealth
  2087 | D        | Noticed a spiny frog
  2087 | D        | Noticed a spiny frog
  2095 | D        | Killed a spiny frog
  2105 | D        | Killed a spiny frog
  2205 | D        | Noticed a lindwurm
  2207 | D        | Killed a lindwurm
  2231 | D        | Noticed Urug
  2233 | D        | Killed Urug
  2233 | D        | Reached skill level 16 in Stealth
  2233 | D        | Reached XP level 11. HP: 58/58 MP: 23/28
  2258 | D        | Noticed a five-headed hydra
  2258 | D        | Noticed a four-headed hydra
  2260 | D        | Reached skill level 5 in Translocations
  2262 | D        | Killed a four-headed hydra
  2263 | D        | Killed a five-headed hydra
  2275 | D        | Noticed a death drake
  2280 | D        | Killed a death drake
  2286 | D        | Lost mutation: You are partially covered in thin metallic scales. (AC +2) [potion of mutation]
  2286 | D        | Lost mutation: You are resistant to hostile enchantments. (MR+) [potion of mutation]
  2286 | D        | Gained mutation: Your flesh is cold resistant. (rC+) [potion of mutation]
  2286 | D        | Gained mutation: Your system is resistant to poisons. (rPois) [potion of mutation]
  2286 | D        | Gained mutation: Your movements are slightly less encumbered by armour. (ER -2) [potion of mutation]
  2286 | D        | Succumbed to poison (dark miasma)

Vault maps used:
D:        dungeon_sprint_mu

Skill      XL: |  1  2  3  4  5  6  7  8  9 10 11 |
---------------+----------------------------------+-----
Spellcasting   | 3 4 5 6 8 9 10 11 12 | 12.9
Short Blades   | 2 3 4 6 7 8 9 10 11 12 | 12.1
Stealth        | 5 6 7 8 9 10 11 13 14 16 | 16.5
Fighting       | 1 2 3 4 5 6 |  6.6
Armour         | 1 2 3 4 5 |  5.9
Dodging        | 4 5 6 8 9 10 12 13 14 | 14.9
Hexes          | 4 5 6 7 8 9 |  9.9
Ice Magic      | 1 2 3 4 5 6 |  6.2
Translocations | 2 4 5 |  5.6
Air Magic      | 1 3 |  3.7
Poison Magic   | 1 3 4 |  4.1
Summonings     | 2 3 |  3.1
Conjurations   | 2 |  2.6

Action                   |  1- 3 |  4- 6 |  7- 9 | 10-12 || total
-------------------------+-------+-------+-------+-------++-------
Melee: Dagger            |    17 |    44 |   119 |    43 ||   223
 Cast: Corona            |     2 |       |     1 |       ||     3
       Ensorcelled Hiber |     2 |     7 |    19 |    22 ||    50
       Confuse           |       |     6 |     8 |     3 ||    17
       Dazzling Spray    |       |     5 |     5 |       ||    10
       Mephitic Cloud    |       |       |     2 |       ||     2
Invok: Shadow Step       |       |       |     1 |     6 ||     7
  Use: Potion            |       |     4 |     1 |     2 ||     7
 Stab: Sleeping          |     4 |     4 |    15 |    25 ||    48
       Invisible         |       |     1 |     1 |       ||     2
       Confused          |       |       |     8 |     3 ||    11
       Distracted        |       |       |     1 |       ||     1
Armor: Robe              |       |     3 |     3 |       ||     6
Dodge: Dodged            |    11 |    25 |    94 |    28 ||   158

Table legend:
 A = Spawn XP
 B = Non-spawn XP
 C = Spawn XP percentage of total XP
 D = Spawn monster count
 E = Non-spawn monster count
 F = Spawn count percentage of total count
 G = Total turns spent on level
                    A         B        C        D         E        F      G
               +---------+---------+-------+---------+---------+-------+---------
         Total |       0 |   13780 |   0.0 |       0 |      75 |   0.0 |  2286
               +---------+---------+-------+---------+---------+-------+---------
             D |       0 |   13780 |   0.0 |       0 |      75 |   0.0 |  2286
               +---------+---------+-------+---------+---------+-------+---------
